 Dungeon Crawl Stone Soup version 0.32-a0-656-g3542139ebd (webtiles) character file.

Game seed: 9539579693254806929

50 lchwts the Covered (level 3, 0/3 HPs)
             Began as a Minotaur Fighter on Mar 9, 2024.
             Slain by a water moccasin (3 damage)
             ... on level 3 of the Dungeon.
             The game lasted 00:22:25 (2459 turns).

lchwts the Covered (Minotaur Fighter)               Turns: 2459, Time: 00:22:26

Health: 0/3        AC:  2    Str: 30    XL:     3   Next: 55%
Magic:  2/2        EV:  9    Int:  5    God:
Gold:   145        SH:  0    Dex: 11    Spells: 2/2 levels left

rFire   . . .        a - melded +0 war axe
rCold   . . .        c - melded +0 buckler
rNeg    . . .        b - melded +0 scale mail
rPois   +            (helmet currently unavailable)
rElec   .            (cloak currently unavailable)
rCorr   .            (gloves currently unavailable)
SInv    .            (boots currently unavailable)
Will    .....        (no amulet)
Stlth   +            (no ring)
HPRegen 0.20/turn    (no ring)
MPRegen 0.08/turn

%: no passive effects
@: snake-form
A: constrict, reduced hp, large, (horns 2), (retaliatory headbutt)
a: Begin Untransformation


You were on level 3 of the Dungeon.
You were an enormous serpent.
You visited 1 branch of the dungeon, and saw 3 of its levels.

You collected 145 gold pieces.

Inventory:

Hand Weapons
 a - a +0 war axe (melded)
 f - a +0 short sword
 g - a +1 spectral quarterstaff
 i - a +0 club
 j - a +0 club
 k - a +0 short sword
 m - a +0 short sword
 n - a +0 dagger
 r - a +0 club
 w - a +0 hand axe
Missiles
 e - 4 stones (quivered)
Armour
 b - a +0 scale mail (melded)
 c - a +0 buckler (melded)
 h - a +0 ring mail
 q - a +0 leather armour
 t - a +0 leather armour
 x - a +0 chain mail
Jewellery
 u - a ring of protection from fire
Talismans
 s - the serpent talisman of Lilacs (active) {Str+3 Dex+2 Slay+2}
   (You acquired it on level 2 of the Dungeon)

   [serpent talisman]

   Str+3:     It affects your strength (+3).
   Dex+2:     It affects your dexterity (+2).
   Slay+2:    It affects your accuracy & damage with ranged weapons and melee
   (+2).
Scrolls
 p - a scroll of teleportation
Potions
 d - a potion of might
 l - a potion of cancellation {unknown}
 o - a potion of curing {unknown}
 v - a potion of enlightenment {unknown}
 z - a potion of resistance {unknown}


   Skills:
 + Level 4.1 Fighting
 + Level 3.0 Axes
 + Level 4.4 Armour
 + Level 0.4 Dodging
 + Level 3.9 Shields


You had 2 spell levels left.
You didn't know any spells.
Your spell library was empty.

Dungeon Overview and Level Annotations

Branches:
Dungeon (3/15)

Altars:


Innate Abilities, Weirdness & Mutations

You are an enormous serpent.
You have a powerful constriction melee attack.
Your maximum health is decreased, since you lack skill for your form.
Your armour is entirely melded.
You are incapable of wielding weapons or throwing items.
((You have a pair of horns on your head.))
((You reflexively headbutt those who attack you in melee.))


Message History

There is a fountain of clear blue water here.
There are no items here.
There is a fountain of clear blue water here.
There are no items here.
Found 5 stones.
Found 22 gold pieces.
You see here 5 stones.
You see here 5 stones.
Unknown command.
You can't do that in your present form.
Found a chain mail and 14 gold pieces.
Found a murky grey potion.
Found a hand axe.
You see here a +0 hand axe.
w - a +0 hand axe You see here a +0 chain mail.
x - a +0 chain mail You now have 145 gold pieces (gained 14).
z - a murky grey potion
There is an open door here.
You see here a hobgoblin skeleton.
There is an open door here.
You see here a kobold skeleton.
There is a stone staircase leading down here.
You climb downwards.
The kobold shouts!
Found a murky grey potion and a scroll labelled RYF XENIANETA.
There is a stone staircase leading up here.
The water moccasin hisses angrily.
You see here a murky grey potion.
Found a scroll labelled TEAHUE UWEIG.
The water moccasin barely misses you.
You closely miss the water moccasin. Your grab misses the water moccasin.
The water moccasin closely misses you.
A hobgoblin comes into view.
You miss the water moccasin.
The hobgoblin shouts!
Your grab misses the water moccasin. The water moccasin bites you.
Ouch! That really hurt!
You die...

###########
..........#
..........#
..........#
.......S..##
.?.....S..!#
.........<.#
.......K...#
...........#
...........#
...........#
...........#
#...g#####.#
... ?#


You could see a water moccasin, a hobgoblin and a kobold.

Vanquished Creatures
  An adder (D:2)
  A dart slug (D:1)
  2 ball pythons (D:1)
  6 bats (D:1)
  5 endoplasms
  A giant cockroach (D:1)
  3 goblins (D:1)
  2 hobgoblins (D:2)
  4 jackals (D:1)
  3 kobolds
  2 quokkas (D:1)
  3 frilled lizards (D:1)
  2 rats
35 creatures vanquished.

Notes
Turn   | Place    | Note
-------+----------+-------------------------------------------
     0 | D:1      | lchwts the Minotaur Fighter began the quest for the Orb.
     0 | D:1      | Reached XP level 1. HP: 19/19 MP: 0/0
   353 | D:1      | Reached XP level 2. HP: 25/27 MP: 1/1
   726 | D:1      | Reached XP level 3. HP: 31/33 MP: 2/2
  1780 | D:2      | Identified a scroll of acquirement
  1780 | D:2      | Acquired the serpent talisman of Lilacs {Str+3 Dex+2
                  | Slay+2}
  2452 | D:3      | Noticed a water moccasin
  2459 | D:3      | Slain by a water moccasin

Illustrated notes

Levels and vault maps discovered:
D:1:      dpeg_cavernosity, layout_basic, feat_on_display
D:2:      layout_basic, mrwooster_statue_mirror
D:3:      layout_basic

Skill      XL: |  1  2  3 |
---------------+----------+-----
Armour         | 4 |  4.4
Fighting       | 4 |  4.1
Axes           | 3 |  3.0
Dodging        | |  0.4
Shields        | |  3.9

Action                     || total
---------------------------++-------
  Melee: War axe           ||    59
         Headbutt          ||     5
         Unarmed           ||     4
  Throw: Stone             ||     4
    Use: Scroll            ||     3
 Armour: Scale mail        ||    42
         Skin              ||     2
  Dodge: Dodged            ||    29
  Block: Buckler           ||    11
   Form: Serpent           ||     1

Table legend: (Time is in decaauts)
 A = Elapsed time spent in this place.
 B = Non-inter-level travel time spent in this place.
 C = Inter-level travel time spent in this place.
 D = Time resting spent in this place.
 E = Time spent auto-exploring this place.
 F = Levels seen in this place.
 G = Mean time per level.
                   A        B        C        D        E       F      G
               +--------+--------+--------+--------+--------+-----+--------+
         Total |   2485 |   2198 |    287 |      0 |      0 |   3 |  828.3 |
       Dungeon |   2485 |   2198 |    287 |      0 |      0 |   3 |  828.3 |
               +--------+--------+--------+--------+--------+-----+--------+

Top non-repeatable levels by time:
     D:1: 1399 daAuts
     D:2: 1079 daAuts
     D:3: 6 daAuts
